Map: Traitor's Exile

Players

Metalero

  • Race: Terran Terran
  • Spawn Location: 6:00

AzmoDheus

  • Race: Terran Terran
  • Spawn Location: 5:00

OpuS - Winner!

  • Race: Protoss Protoss
  • Spawn Location: 12:00

Sketchaphone - Winner!

  • Race: Zerg Zerg
  • Spawn Location: 9:00

VOD

Have the link to the VOD?

Description

Time

  • Played on: Jan. 22, 2019, 5:13 p.m.
  • Length: 13:42
Show
View Real Time Build Order
Export as new Build Order

Metalero Terran 

Build Orders: Gas First Reaper Expand, Mech 

Get SALT Encoding   

  12  0:00  SCV  
  13  0:13  SCV  
  14  0:18  Supply Depot  
  14  0:25  SCV  
  15  0:30  Refinery  
  15  0:40  SCV  
  16  0:46  Barracks  
  16  0:52  SCV  
  17  1:04  SCV  
  18  1:16  SCV  
  19  1:33  Orbital Command  
  19  1:34  Reaper  
  20  1:47  Command Center  
  20  1:59  SCV  
  21  2:05  Factory  
  21  2:06  Refinery  
  21  2:15  Marine  
  22  2:19  SCV  
  23  2:30  Bunker  
  23  2:57  Factory Tech Lab  
  23  2:58  Marine, SCV  
  25  3:10  Supply Depot, SCV  
  26  3:22  SCV  
  26  3:25  Marine  
  26  3:26  Siege Tank  
  31  3:34  SCV  
  31  3:37  Orbital Command  
  28  3:53  Marine  
  28  3:57  SCV  
  28  3:59  Starport  
  28  4:00  Factory  
  29  4:11  Marine  
  29  4:12  Siege Tank  
  29  4:14  SCV  
  34  4:19  Barracks x2  
  34  4:31  Marine  
  34  4:35  SCV  
  36  4:56  SCV  
  36  4:57  SCV  
  38  5:05  Factory Tech Lab  
  38  5:09  SCV  
  38  5:13  Cyclone, SCV  
  43  5:21  SCV  
  44  5:23  Bunker  
  44  5:26  SCV  
  45  5:35  Starport Tech Lab  
  46  5:42  Supply Depot x2  
  45  5:43  Supply Depot  
  45  5:57  Supply Depot  
  45  5:58  SCV  
  45  6:00  Refinery  
  45  6:03  Cyclone, SCV  
  50  6:06  Factory  
  50  6:08  Factory  
  50  6:13  SCV  
  50  6:15  SCV  
  50  6:16  Refinery  
  51  6:19  Command Center  
  46  6:38  Siege Tank  
  40  6:40  Siege Tank  
  41  6:57  Orbital Command  
  41  7:01  Factory Tech Lab x2  
  41  7:05  Supply Depot  
  41  7:06  Supply Depot  
  41  7:08  Supply Depot  
  41  7:10  SCV  
  42  7:18  Siege Tank  
  42  7:19  Siege Tank  
  42  7:20  Siege Tank  
  42  7:22  SCV  
  52  7:23  SCV  
  53  7:39  SCV x2  
  55  7:50  SCV  
  57  7:51  SCV x2  
  58  8:02  SCV  
  59  8:06  SCV x2  
  59  8:07  Refinery  
  59  8:08  Hellion x4  
  59  8:09  Infernal Pre-Igniter  
  69  8:14  SCV  
  69  8:15  Armory  
  69  8:18  SCV  
  71  8:22  SCV  
  71  8:26  SCV  
  73  8:30  SCV  
  73  8:34  SCV  
  75  8:40  Hellion x2  
  75  8:41  Hellion x2  
  83  8:44  SCV  
  83  8:46  SCV  
  83  8:48  Refinery, SCV  
  86  8:49  Refinery  
  86  8:53  Engineering Bay  
  82  9:21  Siege Tank x4  
  82  9:22  SCV x2  
  93  9:25  Planetary Fortress  
  92  9:34  SCV  
  45  10:24  SCV x3  
  48  10:30  Siege Tank x4  
  60  10:36  SCV x3  
  63  10:43  Missile Turret  
  63  10:48  SCV x3  
  66  10:51  Refinery  
  66  10:52  Refinery  
  66  10:58  Terran Vehicle Weapons Level 1  
  66  11:00  SCV x3  
  66  11:03  Armory  
  69  11:11  Thor  
  75  11:12  SCV  
  75  11:13  SCV  
  79  11:29  Viking  
  79  11:30  SCV  
  80  11:37  SCV  
  81  11:40  Thor  
  81  11:41  Thor  
  93  11:51  SCV  
  93  11:52  SCV x2  
  96  12:06  Supply Depot  
  96  12:07  Supply Depot x2  
  96  12:08  Supply Depot  
  96  12:09  Supply Depot  
  96  12:17  SCV x2  
  98  12:28  Thor x2  
  72  12:51  Siege Tank  
  72  12:52  Siege Tank  
  78  13:05  Command Center  
Show
View Real Time Build Order
Export as new Build Order

AzmoDheus Terran 

Build Orders:  

Get SALT Encoding   

  12  0:04  SCV  
  13  0:16  SCV  
  14  0:21  Supply Depot  
  14  0:33  SCV  
  15  0:45  Refinery  
  15  0:46  SCV  
  15  0:47  Barracks  
  16  0:58  SCV  
  17  1:10  SCV  
  18  1:22  SCV  
  19  1:28  Refinery  
  19  1:34  SCV  
  19  1:38  Supply Depot  
  19  1:39  Barracks Tech Lab  
  20  1:46  SCV  
  21  2:02  Orbital Command  
  21  2:03  Marine  
  21  2:05  Stimpack  
  22  2:14  Factory  
  22  2:21  Marine  
  23  2:30  SCV  
  24  2:38  Marine  
  24  2:43  SCV  
  26  2:44  Barracks  
  26  2:55  SCV  
  27  3:00  Factory Reactor  
  27  3:04  Starport, Marauder  
  29  3:14  SCV  
  29  3:15  Barracks  
  30  3:27  SCV  
  31  3:39  Marauder  
  30  3:43  Marine  
  29  3:57  Supply Depot x2  
  29  3:58  Supply Depot  
  29  4:00  Marine  
  30  4:03  Marine  
  30  4:06  Concussive Shells  
  28  4:19  Marine x2  
  15  4:38  SCV  
  10  4:50  SCV  
  11  5:02  SCV  
  11  5:03  Supply Depot  
  12  5:14  SCV  
  12  5:19  Supply Depot  
  13  5:26  SCV  
  14  5:31  Barracks Tech Lab  
  14  5:37  Barracks Tech Lab  
  14  5:38  SCV  
  14  5:40  Marine  
  16  5:43  Medivac  
  16  5:46  Medivac  
  20  5:50  SCV  
  21  5:58  Marine  
  21  5:59  Marine  
  21  6:00  Marine  
  21  6:03  SCV  
  25  6:15  SCV  
  25  6:16  Marine  
  25  6:17  Marine  
  28  6:22  Factory Tech Lab  
  28  6:27  Marine  
  29  6:34  Marine  
  29  6:35  Marine  
  31  6:44  Marine  
  32  6:52  Marine  
  32  6:53  Marine  
  34  7:05  Marauder  
  36  7:09  Marine  
  36  7:11  Marauder  
  39  7:26  Supply Depot  
  39  7:47  Medivac, Marine x2  
  39  7:48  Marauder, Supply Depot  
  45  8:11  Supply Depot  
  45  8:26  Marine  
  45  8:27  Marine x2  
  45  8:33  Command Center  
  48  8:44  Marine x2  
  48  8:45  Marine  
  51  9:02  Marine x3  
  54  9:20  Marine x3  
  57  9:24  SCV  
  58  9:36  SCV  
  58  9:38  Marine x2  
  61  9:48  SCV  
  60  10:00  SCV  
  46  10:13  SCV  
  38  10:28  Marine x2  
  40  10:29  Marauder  
  42  10:43  Orbital Command  
  42  10:45  Marine  
  42  10:46  Marauder  
  42  10:48  SCV  
  42  10:49  Marine  
  47  11:04  Marauder  
  49  11:07  Marine  
  49  11:08  Marauder  
  52  11:25  Marauder, Marine  
  55  11:29  Marine  
  56  11:35  SCV  
  56  11:36  Liberator  
  56  11:37  Liberator  
  57  11:42  Marine  
  57  11:46  Marine  
  61  11:47  Marauder, SCV  
  68  12:00  Marine  
  69  12:05  Marauder  
  69  12:08  Marine  
  72  12:18  Command Center  
  72  12:19  Marauder  
  74  12:25  Marine  
Show
View Real Time Build Order
Export as new Build Order

OpuS Protoss - Winner!

Build Orders:  

Get SALT Encoding   

  12  0:01  Probe  
  13  0:13  Probe  
  14  0:19  Pylon  
  14  0:25  Probe  
  15  0:36  Probe  
  15  0:38  Gateway  
  16  0:44  Probe  
  17  0:52  Assimilator  
  17  0:54  Probe  
  17  1:03  Gateway  
  18  1:06  Probe  
  19  1:16  Pylon  
  19  1:26  Cybernetics Core  
  19  1:32  Zealot  
  21  1:35  Probe  
  22  1:50  Zealot  
  24  2:01  Zealot, Probe  
  26  2:02  Warp Gate  
  26  2:08  Assimilator  
  27  2:09  Probe  
  27  2:16  Pylon  
  27  2:22  Adept  
  29  2:26  Probe  
  30  2:34  Adept  
  32  2:50  Twilight Council  
  31  3:47  Gateway  
  31  3:49  Gateway  
  31  3:51  Stalker x2  
  35  4:06  Nexus  
  35  4:09  Charge  
  35  4:21  Pylon  
  35  4:24  Probe  
  36  4:36  Probe  
  36  4:37  Adept x2  
  37  4:44  Pylon  
  35  4:47  Pylon  
  35  4:55  Probe  
  36  5:03  Sentry x2  
  36  5:04  Sentry  
  36  5:06  Sentry  
  44  5:07  Probe  
  45  5:20  Probe  
  46  5:25  Probe  
  47  5:34  Zealot x2  
  47  5:35  Zealot  
  53  5:37  Sentry  
  53  5:40  Probe  
  56  5:43  Probe  
  57  5:53  Probe  
  57  5:55  Probe  
  59  5:57  Zealot  
  59  5:58  Zealot  
  63  6:05  Probe  
  63  6:07  Probe  
  65  6:37  Probe  
  65  6:38  Probe  
  65  6:39  Zealot  
  69  6:40  Zealot x3  
  75  6:49  Probe  
  75  6:50  Probe  
  71  7:00  Zealot  
  71  7:01  Zealot x3  
  75  7:02  Probe  
  75  7:04  Assimilator  
  78  7:08  Assimilator  
  78  7:18  Robotics Facility  
  78  7:23  Pylon x2  
  78  7:25  Pylon  
  78  7:27  Pylon  
  78  7:30  Templar Archives  
  78  7:41  Probe x2  
  78  7:42  Sentry x2  
  84  7:44  Adept x2  
  88  7:53  Probe x2  
  90  8:15  Stalker x4  
  98  8:23  Gateway x2  
  98  8:25  Gateway  
  98  8:29  Gateway  
  98  8:46  Zealot x2  
  98  8:47  Zealot x2  
  106  9:12  Stalker x2, Psionic Storm  
  110  9:17  Blink  
  110  9:20  Shield Battery  
  110  9:23  Pylon  
  110  9:24  Pylon  
  110  9:27  Pylon  
  76  10:12  High Templar  
  76  10:13  High Templar x6  
  76  10:14  High Templar  
  72  10:24  Nexus  
  72  10:26  Pylon  
  66  10:28  Pylon  
  66  10:32  Assimilator  
  66  10:36  Assimilator  
  66  10:47  Gateway  
  66  10:49  Gateway  
  66  10:50  Zealot x2  
  66  10:51  Zealot x5  
  66  10:52  Gateway  
  66  10:54  Gateway  
  80  11:00  Zealot  
  82  11:20  Zealot x2  
  82  11:22  Zealot x3  
  82  11:23  Zealot  
  82  11:24  Zealot  
  96  11:35  Probe  
  96  11:36  Probe x2  
  99  11:50  Forge  
  99  11:53  High Templar x6, Forge  
  99  11:54  High Templar x4  
  113  11:55  Forge  
  113  12:00  Probe x2  
  113  12:01  Probe  
  122  12:12  Probe  
  123  12:26  Nexus  
  99  12:52  Zealot x3  
  99  12:53  Zealot x6  
  99  12:54  Zealot x3  
  99  12:55  Probe x2  
  99  12:56  Probe  
  124  13:07  Probe  
  124  13:09  Archon x4  
  124  13:10  Archon x3  
  125  13:13  Probe  
  125  13:14  Probe  
  125  13:19  Probe  
  124  13:25  Probe  
Show
View Real Time Build Order
Export as new Build Order

Sketchaphone Zerg - Winner!

Build Orders: Pool First 

Get SALT Encoding   

  12  0:01  Drone  
  13  0:14  Overlord  
  13  0:18  Drone  
  14  0:36  Spawning Pool  
  14  0:41  Drone  
  14  0:43  Drone  
  14  0:46  Drone  
  16  0:51  Extractor  
  16  0:54  Drone  
  16  1:03  Drone  
  17  1:25  Hatchery  
  17  1:26  Drone  
  18  1:32  Drone  
  18  1:37  Drone  
  19  1:51  Drone  
  19  1:53  Queen  
  22  1:57  Metabolic Boost  
  22  2:06  Overlord  
  22  2:13  Zergling x2, Extractor  
  23  2:38  Zergling x2  
  23  2:41  Drone  
  23  2:42  Zergling x4  
  27  2:50  Zergling x4  
  29  2:56  Baneling Nest  
  28  3:00  Spine Crawler, Zergling x2  
  28  3:04  Drone  
  29  3:06  Queen  
  29  3:10  Zergling x2  
  29  3:11  Zergling x4  
  34  3:24  Drone x2  
  34  3:25  Overlord  
  33  3:44  Drone x3  
  33  3:45  Zergling x2  
  37  3:50  Baneling x3  
  37  3:51  Baneling  
  37  3:52  Zergling x6  
  37  3:53  Zergling x2  
  41  4:03  Baneling x2  
  41  4:04  Baneling  
  38  4:12  Zergling x6  
  38  4:26  Zergling x6  
  38  4:30  Drone  
  42  4:35  Roach Warren  
  42  4:37  Drone  
  36  5:00  Drone  
  36  5:01  Overlord, Drone x2  
  39  5:11  Drone x5  
  39  5:13  Overlord  
  44  5:19  Lair  
  44  5:24  Hatchery  
  43  5:39  Overlord  
  43  5:50  Baneling x3  
  43  5:51  Baneling x2  
  43  5:55  Baneling  
  43  5:56  Overlord x2  
  43  5:57  Zergling x8  
  43  5:58  Hatchery  
  43  5:59  Drone  
  47  6:09  Overlord  
  47  6:12  Zergling x10  
  42  6:55  Drone x3  
  42  6:59  Extractor  
  43  7:01  Extractor  
  43  7:02  Glial Reconstitution  
  43  7:03  Extractor  
  43  7:05  Hydralisk Den  
  43  7:06  Queen, Drone  
  43  7:07  Queen x2, Drone x2  
  43  7:08  Drone x2  
  51  7:29  Overlord  
  51  7:39  Drone x4  
  51  7:40  Drone  
  51  7:43  Extractor  
  55  7:45  Drone x4  
  55  7:46  Drone x4  
  55  7:50  Extractor  
  62  7:54  Roach x2, Hydralisk x4  
  74  8:07  Evolution Chamber  
  74  8:08  Grooved Spines, Evolution Chamber  
  72  8:19  Pneumatized Carapace, Burrow  
  72  8:21  Drone x4  
  72  8:24  Drone x2  
  72  8:25  Drone  
  72  8:26  Drone  
  80  8:28  Drone  
  81  8:45  Roach x2, Hydralisk x3  
  91  8:53  Drone x2  
  92  8:59  Roach  
  92  9:00  Overlord  
  92  9:01  Drone  
  90  9:20  Drone  
  90  9:21  Drone x4  
  94  9:37  Zerg Missile Weapons Level 1, Zerg Ground Armor Level 1  
  94  9:38  Overlord  
  94  9:39  Drone  
  94  9:40  Lurker Den  
  94  9:41  Overlord  
  94  9:43  Drone  
  94  9:45  Overlord  
  95  9:55  Muscular Augments  
  84  10:14  Drone x2  
  84  10:15  Zergling x26  
  83  10:36  Drone x2  
  83  10:37  Drone x4  
  83  10:38  Queen  
  91  10:56  Overlord  
  91  11:09  Roach x4, Hydralisk x5  
  91  11:10  Hydralisk  
  111  11:16  Infestation Pit  
  110  11:28  Drone x5, Extractor  
  110  11:29  Drone, Extractor  
  110  11:30  Overlord  
  114  11:37  Overseer  
  114  11:39  Hydralisk x3  
  114  11:42  Overlord x3  
  114  11:43  Overlord  
  120  11:53  Drone x3  
  123  12:13  Tunneling Claws  
  123  12:16  Hive  
  123  12:17  Pathogen Glands  
  123  12:41  Hydralisk x19  
  146  12:58  Overlord  
  146  13:16  Hydralisk x8  
  146  13:17  Hydralisk x3  
  168  13:23  Overlord  
Tags
 
Add a new tag
Caveats
  • Supply blocks, unpowered buildings, or Contaminate may cause inaccurate times.
  • Supply counts are checked every 10 seconds.